 Dungeon Crawl Stone Soup version 0.27-a0-1281-ge233d83751 (webtiles) character file.

Game seed: 10120624342314905790

0 spiderkeys the Skirmisher (level 1, -5/18 HPs)
             Began as a Formicid Abyssal Knight on June 14, 2021.
             Was a Follower of Lugonu.
             Killed from afar by a hell hog (16 damage)
             ... with a fireball
             ... on level 2 of the Abyss.
             The game lasted 00:00:57 (151 turns).

spiderkeys the Skirmisher (Formicid Abyssal Knight)  Turns: 151, Time: 00:00:57

Health: -5/18      AC:  3    Str: 16    XL:     1   Next: 0%
Magic:  2/2        EV: 11    Int: 11    God:    Lugonu [*.....]
Gold:   0          SH:  0    Dex: 10    Spells: 0/0 levels left

rFire    . . .     SeeInvis +   a - +1 hand axe
rCold    . . .     Faith    .   (no shield)
rNeg     . . .     Spirit   .   b - +0 leather armour
rPois    .         Reflect  .   (helmet unavailable)
rElec    .         Harm     .   (no cloak)
rCorr    .         Rampage  .   (no gloves)
Will     .....                  (no boots)
Stlth    +.........             (no amulet)
HPRegen  0.06/turn              (no ring)
MPRegen  0.08/turn              (no ring)

@: no status effects
A: permanent stasis, dig shafts and tunnels, antennae 3, four strong arms
a: Dig, Shaft Self, Renounce Religion, Depart the Abyss


You were on level 2 of the Abyss.
You worshipped Lugonu.
Lugonu was aware of your devotion.
You visited 0 branches of the dungeon, and saw 0 of its levels.
You visited the Abyss 1 time.


Innate Abilities, Weirdness & Mutations

You cannot be hasted, slowed, berserked, paralysed or teleported.
You can dig through walls and to a lower floor.
You have a pair of large antennae on your head. (SInv)
Your four strong arms can wield two-handed weapons with a shield.


   Skills:
 + Level 3.2 Fighting
 + Level 2.0 Axes
 + Level 2.1 Armour
 + Level 0.8 Dodging
 + Level 2.1 Invocations


You couldn't memorise any spells.
You didn't know any spells.
Your spell library was empty.

Inventory:

Hand Weapons
 a - a +1 hand axe (weapon)
Armour
 b - a +0 leather armour (worn)
Jewellery
 C - a ring of ice
   (You found it on level 2 of the Abyss)
Scrolls
 c - a scroll of identify {unknown}

Dungeon Overview and Level Annotations

Branches:
Dungeon (0/15)

Altars:

...# # # ..#..#..
{ #. .#. .. .#.
#...#.. #.
.#.#....
##........# # ###
... .|#. #
.##.#.##.## ##..#.
.....
.......@..###...
..... .
.....##..X.#
#..#.##.#.. ..#
#...#..## #.. .X#
#
#....####h###..##.
# . ####. #.X.{{#.
#.#. .. #...#...#
#..# ..#
#.....##.#.## ..
.#. #..##.#. ..
#.. #
..#.#.##....## ##


You could see a hell hog (catching breath) and 2 large abominations.


Message History

🤖 Initializing magus.rc ...
Options error: Delay interrupt name "hungry" not recognised. (~/.crawlrc:4988) ✅ Successfully initialized magus.rc [v1.9.10] Welcome, spiderkeys the Formicid Abyssal Knight.
Will you prevail where others failed? Will you find the Orb of Zot?
Lugonu says: Depart the Abyss and spread corruption, my servant! (use the ability menu to exit the Abyss) Press ? for a list of commands and other information.
Found a corrupted altar of Lugonu.
Found a gateway leading out of the Abyss.
Found a gateway leading deeper into the Abyss.
There is a gateway leading deeper into the Abyss here.
You plunge deeper into the Abyss.
Beware, you cannot shaft yourself on this level.
You see here a ring of ice.
C - a ring of ice You extend your mandibles.
You dig through the rock wall.
You retract your mandibles.
A lurking horror comes into view.
A tentacled starspawn comes into view.
A tentacle flies out from the starspawn's body!
A starspawn tentacle comes into view.
You see here 20 gold pieces.
You see here 26 gold pieces.
A tentacle flies out from the starspawn's body!
A starspawn tentacle comes into view.
You see here a scroll labelled BYWYOM XETA.
c - a scroll labelled BYWYOM XETA A tentacle flies out from the starspawn's body!
A starspawn tentacle comes into view.
The hell hog squeals angrily.
A small abomination comes into view.
The large abomination hits you! 😮 HP[-8]
You take 8 damage, and now have 10/18 hp.
MASSIVE DAMAGE!! (PAUSE) 😮 HP[+1]
The hell hog breathes fire at you.
The fireball explodes!
The fireball engulfs you!
Ouch! That really hurt!
You die...

Action                   || total
-------------------------++-------
 Abil: Dig               ||     1

Levels and vault maps discovered:
Abyss:2:  base:
Temple

Notes
Turn   | Place    | Note
-------+----------+-------------------------------------------
     0 | Abyss:1  | spiderkeys the Formicid Abyssal Knight began the quest for
                  | the Orb.
     0 | Abyss:1  | Reached XP level 1. HP: 18/18 MP: 2/2
     0 | Abyss:1  | magus.rc [v1.9.10]
    81 | Abyss:2  | Noticed a large abomination
   108 | Abyss:2  | Noticed a tentacled starspawn
   136 | Abyss:2  | Noticed a large abomination
   136 | Abyss:2  | Noticed a hell hog
   138 | Abyss:2  | Noticed a small abomination
   151 | Abyss:2  | Killed from afar by a hell hog

Vanquished Creatures (others)
  6 starspawn tentacles (Abyss:2)
6 creatures vanquished.

Table legend:
 A = Non-vault XP
 B = Vault XP
 C = Vault XP percentage of total XP
 D = Non-vault monster count
 E = Vault monster count
 F = Vault count percentage of total count
                 A         B        C        D         E       F
            +---------+---------+-------+---------+---------+-------
      Total |       0 |       0 |   N/A |       0 |       0 |  -nan
            +---------+---------+-------+---------+---------+-------
            +---------+---------+-------+---------+---------+-------

Illustrated notes

Table legend: (Time is in decaauts)
 A = Elapsed time spent in this place.
 B = Non-inter-level travel time spent in this place.
 C = Inter-level travel time spent in this place.
 D = Time resting spent in this place.
 E = Time spent auto-exploring this place.
 F = Levels seen in this place.
 G = Mean time per level.
                   A        B        C        D        E       F      G
               +--------+--------+--------+--------+--------+-----+--------+
         Total |    150 |    150 |      0 |      0 |     61 |   2 |   75.0 |
         Abyss |    150 |    150 |      0 |      0 |     61 |   2 |   75.0 |
               +--------+--------+--------+--------+--------+-----+--------+

Top non-repeatable levels by time:
 Abyss:2: 82 daAuts
 Abyss:1: 68 daAuts
